AoeStats
← damiansima

Arena

510390428Analyzed
4v4 RM · 1d ago on Sep 30, 2026· 49m 2s· 8 players
Game mode
Random Map
Map size
Large (8 player)
Population
200
Speed
Normal
Resources
Standard
Victory
Conquest
Starting age
Dark Age
Ending age
Imperial Age
RankedLock teamsTeams togetherTeam positionsShared explorationLock speedFull tech treeHidden civsTurbo modeCheats
Victory
Defeat
🇦🇷 Magyars · Argentina
1215
+16
🇦🇷 Vietnamese · Argentina
1207
+16
🇨🇳 Spanish · China
1191
+17
🇲🇽 Byzantines · Mexico
1158
+18
🇩🇪 Dravidians · Germany
1356
-22
🇺🇸 Koreans · United States
1219
-17
🇺🇸 Persians · United States
1144
-14
🇿🇦 Mongols · South Africa
1135
-14
fabrogtz
11:42 Feudal Age
15:35 Castle Age
13:50 Horse Collar
14:52 Double-Bit Axe
17:38 Bow Saw
17:38 Heavy Plow
22:51 Loom
23:52 Wheelbarrow
25:57 Hand Cart
29:26 Imperial Age
27:12 Gold Mining
27:12 Stone Mining
27:21 Fletching
27:42 Forging
28:57 Ballistics
28:35 Bodkin Arrow
30:16 Iron Casting
30:32 Bracer
29:55 Elite Skirmisher
30:47 Padded Archer Armor
31:00 Scale Barding Armor
31:51 Gold Shaft Mining
30:48 Pikeman
31:40 Pikeman
32:35 Scale Mail Armor
32:51 Leather Archer Armor
33:02 Conscription
34:31 Two-Man Saw
34:03 Crop Rotation
33:13 Elite Varangian Guard
34:10 Chain Mail Armor
35:36 Chemistry
34:20 Treadmill Crane
34:55 Squires
34:41 Arson
35:58 Plate Mail Armor
34:53 Pikeman
35:00 Imperial Skirmisher
36:12 Halberdier
40:01 Thumb Ring
40:28 Ring Archer Armor
44:03 Elite Cataphract
44:55 Logistica
44:56 Scale Barding Armor
48:31 Chain Barding Armor
我很牛逼
10:38 Feudal Age
10:49 Loom
16:32 Castle Age
14:59 Double-Bit Axe
14:57 Horse Collar
18:34 Heavy Plow
29:12 Bow Saw
34:13 Imperial Age
32:18 Wheelbarrow
34:45 Cavalier
35:25 Husbandry
35:36 Bloodlines
37:41 Scale Barding Armor
37:46 Forging
37:41 Scale Barding Armor
37:46 Forging
38:51 Chain Barding Armor
38:33 Gold Mining
43:31 Hand Cart
48:24 Two-Man Saw
49:22 Plate Barding Armor
49:22 Iron Casting
49:23 Plate Barding Armor
49:23 Iron Casting
BúffaloTincho
10:44 Feudal Age
13:06 Loom
15:40 Castle Age
14:02 Horse Collar
14:33 Double-Bit Axe
17:00 Bow Saw
17:27 Scale Mail Armor
21:23 Gold Mining
22:13 Squires
25:08 Chain Mail Armor
26:06 Wheelbarrow
26:53 Hand Cart
27:12 Forging
28:40 Iron Casting
28:20 Stone Mining
33:11 Imperial Age
30:35 Fletching
31:15 Bodkin Arrow
31:21 Padded Archer Armor
30:45 Pikeman
32:52 Ballistics
31:57 Elite Skirmisher
32:43 Thumb Ring
35:19 Chemistry
34:58 Bracer
35:15 Leather Archer Armor
34:55 Imperial Skirmisher
37:06 Ring Archer Armor
37:06 Plate Mail Armor
37:06 Heavy Plow
37:23 Town Watch
40:18 Paper Money
39:20 Elite Rattan Archer
39:55 Halberdier
42:19 Scale Barding Armor
46:43 Two-Man Saw
damiansima
11:56 Feudal Age
15:34 Castle Age
13:53 Double-Bit Axe
14:19 Horse Collar
15:31 Gold Mining
17:17 Bow Saw
19:02 Loom
19:05 Light Cavalry
24:53 Scale Barding Armor
26:04 Wheelbarrow
26:27 Heavy Plow
27:25 Stone Mining
28:44 Chain Barding Armor
28:46 Husbandry
28:57 Bloodlines
29:37 Hand Cart
29:09 Town Watch
33:59 Imperial Age
32:13 Gold Shaft Mining
33:48 Fletching
34:45 Ballistics
34:36 Masonry
34:27 Padded Archer Armor
35:26 Plate Barding Armor
34:12 Hussar
34:47 Cavalier
35:23 Bodkin Arrow
35:37 Thumb Ring
36:08 Leather Archer Armor
36:21 Parthian Tactics
35:46 Elite Skirmisher
37:13 Conscription
37:30 Hoardings
36:59 Elite Magyar Huszar
37:52 Corvinian Army
38:28 Hoardings
37:41 Imperial Skirmisher
38:58 Bracer
39:29 Ring Archer Armor
41:41 Chemistry
40:46 Siege Engineers
42:26 Recurve Bow
45:21 Scale Mail Armor
47:01 Heavy Cavalry Archer
48:18 Treadmill Crane
SnowballBlueberry
11:19 Feudal Age
16:22 Castle Age
15:17 Horse Collar
15:23 Double-Bit Axe
15:56 Scale Barding Armor
16:14 Forging
21:04 Bow Saw
23:10 Loom
28:55 Elite Skirmisher
37:16 Fletching
37:27 Padded Archer Armor
38:36 Heavy Plow
41:30 Imperial Age
40:34 Wheelbarrow
41:29 Hand Cart
41:32 Bodkin Arrow
41:53 Leather Archer Armor
43:18 Chain Barding Armor
43:40 Iron Casting
42:49 Pikeman
45:53 Plate Barding Armor
45:22 Husbandry
45:33 Bloodlines
45:33 Light Cavalry
47:46 Blast Furnace
47:16 Leather Archer Armor
LordVartok
9:55 Feudal Age
13:32 Loom
16:25 Castle Age
16:52 Double-Bit Axe
19:27 Bow Saw
19:36 Horse Collar
25:36 Wheelbarrow
25:21 Forging
25:12 Scale Mail Armor
25:45 Arson
27:30 Heavy Plow
34:00 Imperial Age
31:47 Hand Cart
32:00 Squires
33:18 Iron Casting
32:58 Chain Mail Armor
35:52 Elite Fire Lancer
39:21 Plate Mail Armor
39:40 Gold Mining
43:38 Scale Barding Armor
42:58 Light Cavalry
43:38 Husbandry
44:46 Chain Barding Armor
45:11 Hussar
Myrmidon Overlord
10:14 Feudal Age
14:02 Castle Age
11:48 Double-Bit Axe
11:59 Horse Collar
19:16 Wheelbarrow
20:14 Hand Cart
20:25 Gold Mining
20:59 Bow Saw
21:40 Heavy Plow
22:05 Loom
22:05 Town Watch
22:37 Stone Mining
28:16 Imperial Age
26:05 Fletching
26:58 Ballistics
28:05 Bodkin Arrow
28:10 Padded Archer Armor
28:19 Thumb Ring
30:47 Bracer
31:16 Leather Archer Armor
33:33 Ring Archer Armor
34:15 Scale Mail Armor
34:26 Forging
34:52 Conscription
34:54 Elite Elephant Archer
37:16 Medical Corps
38:55 Masonry
39:45 Chemistry
39:51 Chain Mail Armor
40:12 Iron Casting
40:45 Chemistry
42:16 Wootz Steel
42:32 Hoardings
44:09 Man-at-Arms
44:35 Gambesons
44:50 Squires
44:36 Arson
44:29 Elite Urumi Swordsman
45:42 Long Swordsman
46:57 Plate Mail Armor
47:44 Siege Elephant
GreenBeret
11:12 Feudal Age
12:17 Double-Bit Axe
12:21 Horse Collar
14:49 Castle Age
14:21 Forging
16:11 Light Cavalry
19:38 Scale Barding Armor
21:51 Husbandry
25:12 Stone Mining
26:00 Wheelbarrow
25:39 Bow Saw
27:31 Hand Cart
31:44 Imperial Age
29:01 Loom
29:02 Town Watch
30:42 Iron Casting
30:16 Heavy Plow
31:45 Bloodlines
32:00 Fortified Wall
32:25 Hussar
34:20 Chain Barding Armor
35:01 Blast Furnace
34:53 Fletching
37:22 Ballistics
40:33 Chemistry
39:32 Murder Holes
39:35 Bodkin Arrow
41:34 Bracer
42:33 Parthian Tactics
42:14 Thumb Ring
Connection lost

Rejoining the realm…

Still unreachable

The connection could not be restored.

Session expired

The server has moved on; the page needs a fresh start.